Sharks vs Oilers

Created - April 30, 2024 at 23:49

Goals
1 2 3 T
Sharks 0 2 1 3
Oilers 3 0 2 5
Shots
1 2 3 T
Sharks 12 19 12 43
Oilers 21 13 12 46

1st period

1. Oilers , Brad Marchand 1 (Nick Schmaltz 1, Auston Matthews 1) at 5:44
2. Oilers , J.T. Miller 1 (Connor McDavid 1) at 13:17
3. Oilers , Connor McDavid 3 (Jared Spurgeon 2) at 16:59

Penalties :
J.T. Miller (EDM) for Interference (Minor) at 15:45, Alex Ovechkin (SJS) for Boarding (Minor) at 16:33

2nd period

4. Sharks , Patrice Bergeron 1 (Ivan Provorov 1) at 3:27 (PP)
5. Sharks , Phillip Danault 1 (Kevin Shattenkirk 6, Artturi Lehkonen 2) at 8:32

Penalties :
Kevin Shattenkirk (SJS) for Tripping (Minor) at 0:31, Sam Bennett (EDM) for Roughing (Minor) at 1:49, Ivan Provorov (SJS) for Hooking (Minor) at 6:02, Morgan Rielly (EDM) for Hooking (Minor) at 16:49

3rd period

6. Oilers , Nick Schmaltz 2 (Sam Bennett 2, Connor McDavid 2) at 0:36 (PP)
7. Sharks , Artturi Lehkonen 2 (Colton Sissons 1) at 15:32
8. Oilers , J.T. Miller 2 (Matthew Benning 1, Jared Spurgeon 3) at 19:35 (Empty Net)

Penalties :
Kevin Shattenkirk (SJS) for Hooking (Minor) at 0:17, Brad Marchand (EDM) for Roughing (Minor) at 17:09

Goalie Stats

Vitek Vanecek (SJS), 41 saves from 45 shots - (0.911), L, 1-1-0, 59:46 minutes
Jaroslav Halak (EDM), 40 saves from 43 shots - (0.930), W, 1-0-0, 60:00 minutes

Players Stats for Sharks

Player Name              G  A  P  +/- PIM S  H  SB GA TA FO     MP     PP MP  PK MP  
------------------------------------------------------------------------------------
Alex Ovechkin            0  0  0  -3  2   2  0  0  0  0  0/0    17:18   2:48   0:00 
Alexander Edler          0  0  0  -3  0   1  1  2  0  0  0/0    18:31   0:03   2:25 
Andy Andreoff            0  0  0   0  0   0  0  0  0  0  0/0     0:00   0:00   0:00 
Artturi Lehkonen         1  1  2   2  0   3  1  0  0  0  0/3    23:20   2:54   0:21 
Colton Sissons           0  1  1   1  0   0  1  0  0  0  0/0    12:20   0:00   0:51 
Ivan Provorov            0  1  1   1  2   2  2  2  0  0  0/0    20:57   2:44   1:06 
Jakub Vrana              0  0  0   1  0   0  0  0  0  0  0/3     8:00   0:00   0:00 
John Tavares             0  0  0  -1  0   8  1  0  0  0  5/6    18:53   2:54   0:00 
Kevin Shattenkirk        0  1  1   1  4   0  0  2  0  0  0/0    19:21   2:56   0:00 
Mattias Ekholm           0  0  0   0  0   0  3  0  0  0  0/0    16:48   0:00   0:40 
Nikita Kucherov          0  0  0  -3  0   4  0  0  0  0  0/0    16:38   2:49   0:00 
Niko Mikkola             0  0  0  -2  0   0  2  3  0  0  0/0    19:15   0:00   2:32 
Noah Hanifin             0  0  0  -1  0   0  1  0  0  0  0/0    22:18   2:56   2:05 
Patrice Bergeron         1  0  1   0  0   10 1  0  0  0  14/21  18:21   2:47   0:51 
Phillip Danault          1  0  1   1  0   2  4  0  0  0  17/23  11:21   0:00   3:12 
Ryan O'Reilly            0  0  0   1  0   3  0  0  0  0  8/22   17:56   2:54   3:33 
Sidney Crosby            0  0  0  -4  0   5  1  0  0  0  10/23  17:40   2:49   0:00 
Zach Hyman               0  0  0   0  0   3  0  0  0  0  0/1    14:43   0:00   0:00 

Players Stats for Oilers

Player Name              G  A  P  +/- PIM S  H  SB GA TA FO     MP     PP MP  PK MP  
------------------------------------------------------------------------------------
Andre Burakovsky         0  0  0  -1  0   1  0  0  0  0  0/2    14:14   2:22   0:20 
Auston Matthews          0  1  1   1  0   9  1  0  0  0  9/26   19:52   2:02   1:01 
Brad Marchand            1  0  1   0  2   3  5  0  0  0  0/1    18:32   2:39   0:16 
Connor McDavid           1  2  3   2  0   5  1  0  0  0  10/22  20:46   3:33   0:00 
David Kampf              0  0  0   1  0   0  1  0  0  0  11/19   9:23   0:00   3:53 
Ian Cole                 0  0  0  -1  0   1  2  2  0  0  0/0    17:31   0:00   2:45 
J.T. Miller              2  0  2   2  2   10 6  0  0  0  3/3    19:18   2:02   1:03 
Jared Spurgeon           0  2  2   1  0   1  0  1  0  0  0/0    19:55   0:00   2:58 
Jonas Brodin             0  0  0   1  0   0  1  2  0  0  0/0    19:06   0:00   2:21 
Matthew Benning          0  1  1   1  0   0  4  1  0  0  0/0    19:16   0:03   3:05 
Morgan Rielly            0  0  0   0  2   0  0  0  0  0  0/0    17:55   1:45   0:00 
Nick Schmaltz            1  1  2   0  0   3  0  0  0  0  3/3    18:00   2:22   0:00 
Oskar Sundqvist          0  0  0   0  0   0  0  0  0  0  0/0     5:18   0:00   0:00 
Radek Faksa              0  0  0   0  0   2  0  0  0  0  1/1     9:11   0:00   3:53 
Rasmus Andersson         0  0  0   2  0   1  1  1  0  0  0/0    20:04   0:48   0:17 
Sam Bennett              0  1  1  -1  2   2  3  0  0  0  8/21   13:53   2:21   0:00 
Sam Reinhart             0  0  0   1  0   6  0  0  0  0  2/2    17:08   2:02   0:00 
Yanni Gourde             0  0  0   0  0   2  0  0  0  0  1/2    12:59   0:00   1:00 

3 Stars

1 - J.T. Miller (EDM)
2 - Connor McDavid (EDM)
3 - Artturi Lehkonen (SJS)

Power Play

Sharks - 1 on 4 Attempt(s) - 25.00%
Oilers - 1 on 4 Attempt(s) - 25.00%

Penalty Kill

Sharks - 3 on 4 Attempt(s) - 75.00% - Score 0 goal in Penalty Kill
Oilers - 3 on 4 Attempt(s) - 75.00% - Score 0 goal in Penalty Kill

Team Stat

Sharks - Hits : 18 - Faceoff Wins : 54 - Blocked Shots : 9 - Penalty Minutes : 8
Oilers - Hits : 25 - Faceoff Wins : 48 - Blocked Shots : 7 - Penalty Minutes : 8

Official

Referees : Steve Kozari and Brandon Blandina
Linesman : Andrew Smith and Shandor Alphonso

Game Notes

J.T. Miller has scored in a empty net!

Finance

Level 1 -- Attendance: 6000 (100.00%) -- Ticket Income $780,000
Level 2 -- Attendance: 5000 (100.00%) -- Ticket Income $225,000
Level 3 -- Attendance: 2000 (100.00%) -- Ticket Income $80,000
Level 4 -- Attendance: 4000 (100.00%) -- Ticket Income $140,000
Luxury Box -- Attendance: 1000 (100.00%) -- Ticket Income $100,000
Game was played at the Rexall Place.
Total Attendance: 18000 (100.00%)
Total Ticket Income: $1,325,000
Other Income: $649,250
Total Income: $1,974,250

Sharks

5 vs 5 Forward 
   Center                   Left Wing                Right Wing               Time % Phy DF OF 
 1 Ryan O'Reilly            Artturi Lehkonen         Colton Sissons           27     0   3  2  
 2 Sidney Crosby            Alex Ovechkin            Nikita Kucherov          27     0   0  5  
 3 Patrice Bergeron         John Tavares             Zach Hyman               27     0   2  3  
 4 Phillip Danault          Jakub Vrana              Artturi Lehkonen         19     0   4  1  

5 vs 5 Defense 
   Defense                  Defense                                           Time % Phy DF OF 
 1 Noah Hanifin             Mattias Ekholm                                    34     1   2  2  
 2 Kevin Shattenkirk        Ivan Provorov                                     33     1   2  2  
 3 Alexander Edler          Niko Mikkola                                      33     1   2  2  
 4 Niko Mikkola             Noah Hanifin                                      0      1   2  2  

PowerPlay Forward 
   Center                   Left Wing                Right Wing               Time % Phy DF OF 
 1 Sidney Crosby            Alex Ovechkin            Nikita Kucherov          60     0   1  4  
 2 Ryan O'Reilly            John Tavares             Artturi Lehkonen         40     0   1  4  

PowerPlay Defense
   Defense                  Defense                                           Time % Phy DF OF 
 1 Ivan Provorov            Patrice Bergeron                                  60     0   1  4  
 2 Noah Hanifin             Kevin Shattenkirk                                 40     0   1  4  

Penalty Kill 4 Players Forward 
   Center                   Wing                     Time % Phy DF OF 
 1 Phillip Danault          Ryan O'Reilly            60     0   5  0  
 2 Patrice Bergeron         Colton Sissons           40     0   5  0  

Penalty Kill 4 Players Defense
   Defense                  Defense                  Time % Phy DF OF 
 1 Alexander Edler          Ivan Provorov            60     0   5  0  
 2 Noah Hanifin             Niko Mikkola             40     0   5  0  

Penalty Kill - 3 Players Forward 
   Forward                                           Time % Phy DF OF 
 1 Colton Sissons                                    60     1   2  2  
 2 Phillip Danault                                   40     1   2  2  

Penalty Kill - 3 Players Defense
   Defense                  Defense                  Time % Phy DF OF 
 1 Niko Mikkola             Ivan Provorov            60     1   2  2  
 2 Noah Hanifin             Niko Mikkola             40     1   2  2  

4 vs 4 Forward 
   Center                   Wing                     Time % Phy DF OF 
 1 John Tavares             Alex Ovechkin            60     0   1  4  
 2 Sidney Crosby            Nikita Kucherov          40     0   1  4  

4 vs 4 Defense
   Defense                  Defense                  Time % Phy DF OF 
 1 Kevin Shattenkirk        Ivan Provorov            60     1   2  2  
 2 Noah Hanifin             Alexander Edler          40     1   2  2  

Last Minutes Offensive
   Center                   Left Wing                Right Wing               Defense                  Defense                  
   Sidney Crosby            Alex Ovechkin            Nikita Kucherov          John Tavares             Kevin Shattenkirk        

Last Minutes Defensive
   Center                   Left Wing                Right Wing               Defense                  Defense                  
   Ryan O'Reilly            Artturi Lehkonen         Colton Sissons           Ivan Provorov            Noah Hanifin             

Goaltenders
Starting : Vitek Vanecek            
Backup : Akira Schmid             

Extra Forwards
Normal : Sidney Crosby, Artturi Lehkonen, Phillip Danault - PP : Patrice Bergeron, Zach Hyman - PK : Artturi Lehkonen
Extra Defensemen
Normal : Kevin Shattenkirk, Niko Mikkola, Noah Hanifin - PP : Kevin Shattenkirk - PK : Niko Mikkola, Ivan Provorov
Penalty Shots
Artturi Lehkonen, Sidney Crosby, Ryan O'Reilly, Nikita Kucherov, Kevin Shattenkirk
Custom OT Lines Forwards
John Tavares, Artturi Lehkonen, Sidney Crosby, Alex Ovechkin, Nikita Kucherov, Zach Hyman, Ryan O'Reilly, Colton Sissons, Patrice Bergeron, Phillip Danault
Custom OT Lines Defensemen
Niko Mikkola, Noah Hanifin, Ivan Provorov, Alexander Edler, Kevin Shattenkirk

Scratches
None

Oilers

5 vs 5 Forward 
   Center                   Left Wing                Right Wing               Time % Phy DF OF 
 1 Connor McDavid           J.T. Miller              Sam Reinhart             35     0   4  1  
 2 Auston Matthews          Brad Marchand            Nick Schmaltz            35     0   4  1  
 3 Sam Bennett              Andre Burakovsky         Yanni Gourde             27     0   4  1  
 4 David Kampf              Radek Faksa              Oskar Sundqvist          3      0   4  1  

5 vs 5 Defense 
   Defense                  Defense                                           Time % Phy DF OF 
 1 Rasmus Andersson         Jonas Brodin                                      33     0   4  1  
 2 Morgan Rielly            Matthew Benning                                   33     0   4  1  
 3 Ian Cole                 Jared Spurgeon                                    33     0   4  1  
 4 Jared Spurgeon           Rasmus Andersson                                  1      0   4  1  

PowerPlay Forward 
   Center                   Left Wing                Right Wing               Time % Phy DF OF 
 1 Auston Matthews          J.T. Miller              Sam Reinhart             65     0   0  5  
 2 Sam Bennett              Andre Burakovsky         Nick Schmaltz            35     0   0  5  

PowerPlay Defense
   Defense                  Defense                                           Time % Phy DF OF 
 1 Connor McDavid           Brad Marchand                                     65     0   0  5  
 2 Connor McDavid           Morgan Rielly                                     35     0   0  5  

Penalty Kill 4 Players Forward 
   Center                   Wing                     Time % Phy DF OF 
 1 David Kampf              Radek Faksa              60     0   5  0  
 2 J.T. Miller              Yanni Gourde             40     0   5  0  

Penalty Kill 4 Players Defense
   Defense                  Defense                  Time % Phy DF OF 
 1 Jared Spurgeon           Jonas Brodin             60     0   5  0  
 2 Ian Cole                 Matthew Benning          40     0   5  0  

Penalty Kill - 3 Players Forward 
   Forward                                           Time % Phy DF OF 
 1 David Kampf                                       60     0   5  0  
 2 J.T. Miller                                       40     0   5  0  

Penalty Kill - 3 Players Defense
   Defense                  Defense                  Time % Phy DF OF 
 1 Jared Spurgeon           Ian Cole                 60     0   5  0  
 2 Matthew Benning          Jonas Brodin             40     0   5  0  

4 vs 4 Forward 
   Center                   Wing                     Time % Phy DF OF 
 1 Connor McDavid           J.T. Miller              60     0   1  4  
 2 Auston Matthews          Sam Reinhart             40     0   1  4  

4 vs 4 Defense
   Defense                  Defense                  Time % Phy DF OF 
 1 Jared Spurgeon           Rasmus Andersson         60     0   2  3  
 2 Morgan Rielly            Matthew Benning          40     0   2  3  

Last Minutes Offensive
   Center                   Left Wing                Right Wing               Defense                  Defense                  
   Auston Matthews          J.T. Miller              Sam Reinhart             Connor McDavid           Brad Marchand            

Last Minutes Defensive
   Center                   Left Wing                Right Wing               Defense                  Defense                  
   David Kampf              J.T. Miller              Yanni Gourde             Jared Spurgeon           Matthew Benning          

Goaltenders
Starting : Jaroslav Halak           
Backup : Connor Hellebuyck        

Extra Forwards
Normal : Connor McDavid, Auston Matthews, J.T. Miller - PP : Auston Matthews, Connor McDavid - PK : Yanni Gourde
Extra Defensemen
Normal : Jared Spurgeon, Jonas Brodin, Morgan Rielly - PP : Matthew Benning - PK : Jared Spurgeon, Rasmus Andersson
Penalty Shots
Connor McDavid, Auston Matthews, J.T. Miller, Rasmus Andersson, David Kampf
Custom OT Lines Forwards
Connor McDavid, Auston Matthews, J.T. Miller, Sam Reinhart, Brad Marchand, Nick Schmaltz, Sam Bennett, Andre Burakovsky, Yanni Gourde, David Kampf
Custom OT Lines Defensemen
Jared Spurgeon, Rasmus Andersson, Morgan Rielly, Jonas Brodin, Matthew Benning

Scratches
None


% Time on Ice - Sharks

Lines # - Real PCT - Wanted PCT - Time Play
Normal Forward
1 - 24% - 27% - 11:29
2 - 28% - 27% - 13:22
3 - 31% - 27% - 14:43
4 - 17% - 19% - 8:00
Normal Defense
1 - 34% - 34% - 16:08
2 - 33% - 33% - 15:51
3 - 32% - 33% - 15:01
4 - 1% - 0% - 0:34
PP Forward
1 - 49% - 60% - 2:49
2 - 51% - 40% - 2:54
PP Defense
1 - 49% - 60% - 2:47
2 - 51% - 40% - 2:56
PK Forward
1 - 81% - 60% - 3:33
2 - 19% - 40% - 0:51
PK Defense
1 - 70% - 60% - 3:05
2 - 30% - 40% - 1:19
PK3 Forward
1 - 0% - 60%
2 - 0% - 40%
PK3 Defense
1 - 0% - 60%
2 - 0% - 40%
44 Forward
1 - 100% - 60% - 1:52
2 - 0% - 40% - 0:00
44 Defense
1 - 69% - 60% - 1:17
2 - 31% - 40% - 0:35
Last Minute Offensive  - 0:27
Last Minute Defensive  - 0:00
Total
Forward - 60:00
Defense - 60:00

% Time on Ice - Oilers

Lines # - Real PCT - Wanted PCT - Time Play
Normal Forward
1 - 32% - 35% - 15:06
2 - 33% - 35% - 15:38
3 - 24% - 27% - 11:32
4 - 11% - 3% - 5:18
Normal Defense
1 - 35% - 33% - 16:45
2 - 32% - 33% - 15:11
3 - 31% - 33% - 14:46
4 - 2% - 1% - 0:52
PP Forward
1 - 46% - 65% - 2:02
2 - 54% - 35% - 2:22
PP Defense
1 - 60% - 65% - 2:39
2 - 40% - 35% - 1:45
PK Forward
1 - 83% - 60% - 4:43
2 - 17% - 40% - 1:00
PK Defense
1 - 52% - 60% - 2:58
2 - 48% - 40% - 2:45
PK3 Forward
1 - 0% - 60%
2 - 0% - 40%
PK3 Defense
1 - 0% - 60%
2 - 0% - 40%
44 Forward
1 - 100% - 60% - 1:52
2 - 0% - 40% - 0:00
44 Defense
1 - 60% - 60% - 1:07
2 - 40% - 40% - 0:45
Last Minute Offensive  - 0:00
Last Minute Defensive  - 0:27
Total
Forward - 60:00
Defense - 60:00

Play-by-Play

1st period


0:01 of 1st period - Ryan O'Reilly wins face-off versus Connor McDavid in neutral zone.
0:01 of 1st period - Ryan O'Reilly is hit by Connor McDavid.
0:25 of 1st period - Shot by Connor McDavid.
0:25 of 1st period - Shot Misses the Net.
0:27 of 1st period - Shot by J.T. Miller.
0:27 of 1st period - Shot Misses the Net.
1:03 of 1st period - Shot by Auston Matthews.
1:03 of 1st period - Stopped by Vitek Vanecek without a rebound.
1:04 of 1st period - Sam Bennett wins face-off versus Patrice Bergeron in Sharks zone.
1:25 of 1st period - Patrice Bergeron is hit by Ian Cole and loses puck.
1:33 of 1st period - Jared Spurgeon is hit by Patrice Bergeron and loses puck.
1:41 of 1st period - Shot by John Tavares.
1:41 of 1st period - Stopped by Jaroslav Halak without a rebound.
1:42 of 1st period - Auston Matthews wins face-off versus Sidney Crosby in Oilers zone.
1:50 of 1st period - Nick Schmaltz is hit by Ivan Provorov and loses puck.
1:57 of 1st period - Shot by Nick Schmaltz.
1:57 of 1st period - Shot Misses the Net.
2:22 of 1st period - Shot by Nick Schmaltz.
2:22 of 1st period - Shot Blocked by Kevin Shattenkirk.
2:34 of 1st period - Shot by Rasmus Andersson.
2:34 of 1st period - Stopped by Vitek Vanecek without a rebound.
2:35 of 1st period - Phillip Danault wins face-off versus Connor McDavid in Sharks zone.
2:35 of 1st period - Phillip Danault is hit by J.T. Miller.
2:53 of 1st period - Shot by Connor McDavid.
2:53 of 1st period - Shot Misses the Net.
2:55 of 1st period - Shot by J.T. Miller.
2:55 of 1st period - Deflect By Connor McDavid.
2:55 of 1st period - Shot Misses the Net.
2:57 of 1st period - Shot by Connor McDavid.
2:57 of 1st period - Deflect By Sam Reinhart.
2:57 of 1st period - Stopped by Vitek Vanecek with a rebound.
2:59 of 1st period - Shot by Jared Spurgeon.
2:59 of 1st period - Shot Blocked by Niko Mikkola.
3:01 of 1st period - Shot by Connor McDavid.
3:01 of 1st period - Shot Misses the Net.
3:03 of 1st period - Shot by Connor McDavid.
3:03 of 1st period - Stopped by Vitek Vanecek without a rebound.
3:04 of 1st period - Patrice Bergeron wins face-off versus Sam Bennett in Sharks zone.
3:09 of 1st period - Shot by Patrice Bergeron.
3:09 of 1st period - Stopped by Jaroslav Halak without a rebound.
3:10 of 1st period - Patrice Bergeron wins face-off versus Sam Bennett in Oilers zone.
3:17 of 1st period - Shot by John Tavares.
3:17 of 1st period - Shot Blocked by Jonas Brodin.
3:19 of 1st period - Shot by John Tavares.
3:19 of 1st period - Shot Misses the Net.
3:45 of 1st period - Icing by Zach Hyman.
3:46 of 1st period - Patrice Bergeron wins face-off versus Auston Matthews in Sharks zone.
3:59 of 1st period - Shot by Zach Hyman.
3:59 of 1st period - Shot Misses the Net.
4:01 of 1st period - Shot by Patrice Bergeron.
4:01 of 1st period - Stopped by Jaroslav Halak without a rebound.
4:02 of 1st period - Connor McDavid wins face-off versus Artturi Lehkonen in Oilers zone.
4:02 of 1st period - Connor McDavid is hit by Phillip Danault.
4:13 of 1st period - Shot by J.T. Miller.
4:13 of 1st period - Deflect By Connor McDavid.
4:13 of 1st period - Shot Misses the Net.
4:15 of 1st period - Shot by Jared Spurgeon.
4:15 of 1st period - Stopped by Vitek Vanecek without a rebound.
4:16 of 1st period - Sidney Crosby wins face-off versus Auston Matthews in Sharks zone.
4:29 of 1st period - Shot by Auston Matthews.
4:29 of 1st period - Stopped by Vitek Vanecek without a rebound.
4:30 of 1st period - Connor McDavid wins face-off versus Ryan O'Reilly in Sharks zone.
4:33 of 1st period - Shot by Sam Reinhart.
4:33 of 1st period - Shot Misses the Net.
4:57 of 1st period - Artturi Lehkonen is hit by J.T. Miller and loses puck.
5:37 of 1st period - Nick Schmaltz is hit by Alexander Edler and loses puck.
5:44 of 1st period - Shot by Brad Marchand.
5:44 of 1st period - Goal by Brad Marchand - Sharks : 0 - Oilers : 1.
5:45 of 1st period - Patrice Bergeron wins face-off versus Sam Bennett in neutral zone.
5:54 of 1st period - Shot by John Tavares.
5:54 of 1st period - Stopped by Jaroslav Halak without a rebound.
5:55 of 1st period - Patrice Bergeron wins face-off versus Auston Matthews in Oilers zone.
5:55 of 1st period - Patrice Bergeron is hit by Matthew Benning.
6:15 of 1st period - Shot by Patrice Bergeron.
6:15 of 1st period - Stopped by Jaroslav Halak without a rebound.
6:16 of 1st period - Sam Bennett wins face-off versus Artturi Lehkonen in Oilers zone.
6:16 of 1st period - Sam Bennett is hit by Phillip Danault.
6:38 of 1st period - Shot by Andre Burakovsky.
6:38 of 1st period - Stopped by Vitek Vanecek without a rebound.
6:39 of 1st period - Auston Matthews wins face-off versus Sidney Crosby in Sharks zone.
6:46 of 1st period - Shot by Nick Schmaltz.
6:46 of 1st period - Stopped by Vitek Vanecek with a rebound.
7:05 of 1st period - Shot by Alex Ovechkin.
7:05 of 1st period - Deflect By Sidney Crosby.
7:05 of 1st period - Stopped by Jaroslav Halak without a rebound.
7:06 of 1st period - David Kampf wins face-off versus Phillip Danault in Oilers zone.
7:10 of 1st period - Icing by Rasmus Andersson.
7:11 of 1st period - David Kampf wins face-off versus Phillip Danault in Oilers zone.
7:49 of 1st period - Shot by Radek Faksa.
7:49 of 1st period - Stopped by Vitek Vanecek with a rebound.
7:51 of 1st period - Shot by Jonas Brodin.
7:51 of 1st period - Shot Misses the Net.
8:19 of 1st period - Shot by Alex Ovechkin.
8:19 of 1st period - Shot Misses the Net.
8:48 of 1st period - Shot by Sidney Crosby.
8:48 of 1st period - Shot Misses the Net.
8:50 of 1st period - Shot by Sidney Crosby.
8:50 of 1st period - Stopped by Jaroslav Halak with a rebound.
9:14 of 1st period - Icing by Yanni Gourde.
9:15 of 1st period - Sam Bennett wins face-off versus Ryan O'Reilly in Oilers zone.
9:15 of 1st period - Sam Bennett is hit by Colton Sissons.
10:17 of 1st period - Shot by Nick Schmaltz.
10:17 of 1st period - Shot Blocked by Niko Mikkola.
10:45 of 1st period - Shot by Patrice Bergeron.
10:45 of 1st period - Stopped by Jaroslav Halak without a rebound.
10:46 of 1st period - Sidney Crosby wins face-off versus David Kampf in Oilers zone.
11:01 of 1st period - Shot by Ian Cole.
11:01 of 1st period - Shot Misses the Net.
11:03 of 1st period - Shot by Radek Faksa.
11:03 of 1st period - Stopped by Vitek Vanecek without a rebound.
11:04 of 1st period - Connor McDavid wins face-off versus Sidney Crosby in Sharks zone.
11:19 of 1st period - Shot by J.T. Miller.
11:19 of 1st period - Stopped by Vitek Vanecek without a rebound.
11:20 of 1st period - Patrice Bergeron wins face-off versus Auston Matthews in Sharks zone.
11:51 of 1st period - Shot by Patrice Bergeron.
11:51 of 1st period - Shot Misses the Net.
12:25 of 1st period - Shot by Sam Bennett.
12:25 of 1st period - Shot Misses the Net.
12:27 of 1st period - Shot by Matthew Benning.
12:27 of 1st period - Shot Misses the Net.
12:37 of 1st period - Shot by Andre Burakovsky.
12:37 of 1st period - Shot Misses the Net.
12:51 of 1st period - Shot by Yanni Gourde.
12:51 of 1st period - Stopped by Vitek Vanecek without a rebound.
12:52 of 1st period - Connor McDavid wins face-off versus Sidney Crosby in Sharks zone.
12:52 of 1st period - Sam Reinhart is hit by Ivan Provorov and loses puck.
13:17 of 1st period - Shot by J.T. Miller.
13:17 of 1st period - Goal by J.T. Miller - Sharks : 0 - Oilers : 2.
13:18 of 1st period - David Kampf wins face-off versus Patrice Bergeron in neutral zone.
13:32 of 1st period - Shot by Patrice Bergeron.
13:32 of 1st period - Stopped by Jaroslav Halak without a rebound.
13:33 of 1st period - Auston Matthews wins face-off versus Phillip Danault in Oilers zone.
13:50 of 1st period - Shot by Auston Matthews.
13:50 of 1st period - Stopped by Vitek Vanecek without a rebound.
13:51 of 1st period - Connor McDavid wins face-off versus Sidney Crosby in Sharks zone.
13:54 of 1st period - Shot by J.T. Miller.
13:54 of 1st period - Deflect By Sam Reinhart.
13:54 of 1st period - Shot Blocked by Alexander Edler.
13:56 of 1st period - Shot by Sam Reinhart.
13:56 of 1st period - Stopped by Vitek Vanecek without a rebound.
13:57 of 1st period - Connor McDavid wins face-off versus Phillip Danault in Sharks zone.
13:58 of 1st period - Shot by J.T. Miller.
13:58 of 1st period - Stopped by Vitek Vanecek without a rebound.
13:59 of 1st period - Connor McDavid wins face-off versus Ryan O'Reilly in Sharks zone.
14:01 of 1st period - Sam Reinhart is hit by Mattias Ekholm and loses puck.
14:10 of 1st period - J.T. Miller is hit by Artturi Lehkonen and loses puck.
14:25 of 1st period - Shot by Ryan O'Reilly.
14:25 of 1st period - Stopped by Jaroslav Halak without a rebound.
14:26 of 1st period - Patrice Bergeron wins face-off versus Auston Matthews in Oilers zone.
14:31 of 1st period - Shot by Zach Hyman.
14:31 of 1st period - Stopped by Jaroslav Halak without a rebound.
14:32 of 1st period - Nick Schmaltz wins face-off versus Sidney Crosby in Oilers zone.
14:44 of 1st period - Icing by Kevin Shattenkirk.
14:45 of 1st period - Sam Bennett wins face-off versus Sidney Crosby in Sharks zone.
15:22 of 1st period - Shot by Sam Bennett.
15:22 of 1st period - Stopped by Vitek Vanecek without a rebound.
15:23 of 1st period - Auston Matthews wins face-off versus Phillip Danault in Sharks zone.
15:40 of 1st period - Shot by Brad Marchand.
15:40 of 1st period - Stopped by Vitek Vanecek without a rebound.
15:41 of 1st period - Patrice Bergeron wins face-off versus Connor McDavid in Sharks zone.
15:45 of 1st period - Minor Penalty to J.T. Miller for Interference.
15:46 of 1st period - David Kampf wins face-off versus Ryan O'Reilly in Oilers zone.
16:27 of 1st period - Patrice Bergeron is hit by Jonas Brodin and loses puck.
16:33 of 1st period - Minor Penalty to Alex Ovechkin for Boarding.
16:34 of 1st period - John Tavares wins face-off versus Connor McDavid in Sharks zone.
16:49 of 1st period - Shot by John Tavares.
16:49 of 1st period - Shot Misses the Net.
16:59 of 1st period - Shot by Connor McDavid.
16:59 of 1st period - Goal by Connor McDavid - Sharks : 0 - Oilers : 3.
17:00 of 1st period - Sidney Crosby wins face-off versus Connor McDavid in neutral zone.
17:07 of 1st period - Shot by Artturi Lehkonen.
17:07 of 1st period - Deflect By Sidney Crosby.
17:07 of 1st period - Shot Misses the Net.
17:24 of 1st period - Sidney Crosby is hit by Matthew Benning and loses puck.
18:16 of 1st period - Icing by Rasmus Andersson.
18:17 of 1st period - Phillip Danault wins face-off versus Sam Bennett in Oilers zone.
18:20 of 1st period - Shot by Ryan O'Reilly.
18:20 of 1st period - Shot Blocked by Rasmus Andersson.
19:04 of 1st period - Shot by Jared Spurgeon.
19:04 of 1st period - Shot Misses the Net.
19:32 of 1st period - Shot by Alexander Edler.
19:32 of 1st period - Stopped by Jaroslav Halak with a rebound.
19:38 of 1st period - John Tavares is hit by J.T. Miller and loses puck.
19:57 of 1st period - Shot by Connor McDavid.
19:57 of 1st period - Deflect By Sam Reinhart.
19:57 of 1st period - Shot Blocked by Niko Mikkola.
19:59 of 1st period - Shot by J.T. Miller.
19:59 of 1st period - Stopped by Vitek Vanecek without a rebound.
Goals for this period are 0 for Sharks vs 3 for Oilers.
Shots for this period are 12 for Sharks vs 21 for Oilers.

2nd period


0:01 of 2nd period - Nick Schmaltz wins face-off versus Ryan O'Reilly in neutral zone.
0:03 of 2nd period - Off-side.
0:04 of 2nd period - Ryan O'Reilly wins face-off versus Brad Marchand in neutral zone.
0:16 of 2nd period - Shot by Nick Schmaltz.
0:16 of 2nd period - Shot Blocked by Ivan Provorov.
0:31 of 2nd period - Minor Penalty to Kevin Shattenkirk for Tripping.
0:32 of 2nd period - Phillip Danault wins face-off versus Auston Matthews in Sharks zone.
0:43 of 2nd period - Shot by J.T. Miller.
0:43 of 2nd period - Stopped by Vitek Vanecek without a rebound.
0:44 of 2nd period - Phillip Danault wins face-off versus Sam Bennett in Sharks zone.
0:59 of 2nd period - Shot by Nick Schmaltz.
0:59 of 2nd period - Stopped by Vitek Vanecek without a rebound.
1:00 of 2nd period - Ryan O'Reilly wins face-off versus Auston Matthews in Sharks zone.
1:41 of 2nd period - Shot by Connor McDavid.
1:41 of 2nd period - Stopped by Vitek Vanecek without a rebound.
1:42 of 2nd period - Phillip Danault wins face-off versus Sam Bennett in Sharks zone.
1:42 of 2nd period - Phillip Danault is hit by Sam Bennett.
1:49 of 2nd period - Minor Penalty to Sam Bennett for Roughing.
1:50 of 2nd period - John Tavares wins face-off versus Connor McDavid in Oilers zone.
1:55 of 2nd period - Shot by John Tavares.
1:55 of 2nd period - Stopped by Jaroslav Halak without a rebound.
1:56 of 2nd period - John Tavares wins face-off versus Connor McDavid in Oilers zone.
1:59 of 2nd period - Shot by Alex Ovechkin.
1:59 of 2nd period - Stopped by Jaroslav Halak without a rebound.
2:00 of 2nd period - John Tavares wins face-off versus Connor McDavid in Oilers zone.
2:06 of 2nd period - Icing by J.T. Miller.
2:07 of 2nd period - John Tavares wins face-off versus Connor McDavid in Oilers zone.
3:05 of 2nd period - Icing by Kevin Shattenkirk.
3:06 of 2nd period - Sidney Crosby wins face-off versus David Kampf in Sharks zone.
3:27 of 2nd period - Shot by Patrice Bergeron.
3:27 of 2nd period - Goal by Patrice Bergeron - Sharks : 1 - Oilers : 3.
3:28 of 2nd period - J.T. Miller wins face-off versus Ryan O'Reilly in neutral zone.
3:57 of 2nd period - Shot by Connor McDavid.
3:57 of 2nd period - Shot Misses the Net.
4:59 of 2nd period - Shot by Auston Matthews.
4:59 of 2nd period - Shot Misses the Net.
5:45 of 2nd period - Shot by Sam Bennett.
5:45 of 2nd period - Stopped by Vitek Vanecek without a rebound.
5:46 of 2nd period - Phillip Danault wins face-off versus David Kampf in Sharks zone.
5:46 of 2nd period - Phillip Danault is hit by David Kampf.
6:02 of 2nd period - Minor Penalty to Ivan Provorov for Hooking.
6:03 of 2nd period - Phillip Danault wins face-off versus Auston Matthews in Sharks zone.
6:08 of 2nd period - Shot by Ryan O'Reilly.
6:08 of 2nd period - Stopped by Jaroslav Halak with a rebound.
6:26 of 2nd period - Shot by Connor McDavid.
6:26 of 2nd period - Shot Misses the Net.
6:28 of 2nd period - Shot by J.T. Miller.
6:28 of 2nd period - Stopped by Vitek Vanecek without a rebound.
6:29 of 2nd period - Phillip Danault wins face-off versus Andre Burakovsky in Sharks zone.
6:29 of 2nd period - Phillip Danault is hit by Sam Bennett.
6:36 of 2nd period - Icing by Nick Schmaltz.
6:37 of 2nd period - Phillip Danault wins face-off versus Sam Bennett in Oilers zone.
7:16 of 2nd period - Off-side.
7:17 of 2nd period - Phillip Danault wins face-off versus Auston Matthews in neutral zone.
8:05 of 2nd period - Sidney Crosby is hit by Ian Cole and loses puck.
8:10 of 2nd period - Shot by Nikita Kucherov.
8:10 of 2nd period - Shot Blocked by Jared Spurgeon.
8:18 of 2nd period - Shot by Nikita Kucherov.
8:18 of 2nd period - Stopped by Jaroslav Halak without a rebound.
8:19 of 2nd period - Phillip Danault wins face-off versus Sam Bennett in Oilers zone.
8:32 of 2nd period - Shot by Phillip Danault.
8:32 of 2nd period - Goal by Phillip Danault - Sharks : 2 - Oilers : 3.
8:33 of 2nd period - David Kampf wins face-off versus Sidney Crosby in neutral zone.
8:51 of 2nd period - Icing by Niko Mikkola.
8:52 of 2nd period - Auston Matthews wins face-off versus Sidney Crosby in Sharks zone.
8:55 of 2nd period - Shot by Brad Marchand.
8:55 of 2nd period - Stopped by Vitek Vanecek without a rebound.
8:56 of 2nd period - Nick Schmaltz wins face-off versus Ryan O'Reilly in Sharks zone.
9:05 of 2nd period - Shot by Ivan Provorov.
9:05 of 2nd period - Stopped by Jaroslav Halak without a rebound.
9:06 of 2nd period - Sam Bennett wins face-off versus Sidney Crosby in Oilers zone.
9:24 of 2nd period - Noah Hanifin is hit by Sam Bennett.
10:20 of 2nd period - Shot by Sam Reinhart.
10:20 of 2nd period - Stopped by Vitek Vanecek with a rebound.
10:22 of 2nd period - Shot by Sam Reinhart.
10:22 of 2nd period - Shot Blocked by Alexander Edler.
10:24 of 2nd period - Shot by J.T. Miller.
10:24 of 2nd period - Stopped by Vitek Vanecek without a rebound.
10:25 of 2nd period - Auston Matthews wins face-off versus Patrice Bergeron in Sharks zone.
10:47 of 2nd period - Rasmus Andersson is hit by John Tavares and loses puck.
10:54 of 2nd period - Shot by Patrice Bergeron.
10:54 of 2nd period - Deflect By Zach Hyman.
10:54 of 2nd period - Stopped by Jaroslav Halak without a rebound.
10:55 of 2nd period - Sam Reinhart wins face-off versus Ryan O'Reilly in Oilers zone.
11:22 of 2nd period - Shot by Connor McDavid.
11:22 of 2nd period - Stopped by Vitek Vanecek with a rebound.
12:40 of 2nd period - Shot by Alex Ovechkin.
12:40 of 2nd period - Shot Misses the Net.
12:42 of 2nd period - Shot by Sidney Crosby.
12:42 of 2nd period - Shot Misses the Net.
12:50 of 2nd period - Brad Marchand is hit by Sidney Crosby and loses puck.
13:05 of 2nd period - Shot by Nikita Kucherov.
13:05 of 2nd period - Stopped by Jaroslav Halak without a rebound.
13:06 of 2nd period - Sam Bennett wins face-off versus Jakub Vrana in Oilers zone.
13:35 of 2nd period - Shot by Jakub Vrana.
13:35 of 2nd period - Shot Blocked by Ian Cole.
13:37 of 2nd period - Shot by Phillip Danault.
13:37 of 2nd period - Stopped by Jaroslav Halak without a rebound.
13:38 of 2nd period - David Kampf wins face-off versus Patrice Bergeron in Oilers zone.
13:45 of 2nd period - Icing by Kevin Shattenkirk.
13:46 of 2nd period - Connor McDavid wins face-off versus Zach Hyman in Sharks zone.
13:57 of 2nd period - Shot by J.T. Miller.
13:57 of 2nd period - Stopped by Vitek Vanecek with a rebound.
13:59 of 2nd period - Shot by J.T. Miller.
13:59 of 2nd period - Stopped by Vitek Vanecek without a rebound.
14:00 of 2nd period - Sam Bennett wins face-off versus Ryan O'Reilly in Sharks zone.
14:08 of 2nd period - Icing by Noah Hanifin.
14:09 of 2nd period - Auston Matthews wins face-off versus Ryan O'Reilly in Sharks zone.
14:54 of 2nd period - Noah Hanifin is hit by Auston Matthews and loses puck.
15:29 of 2nd period - Shot by Alex Ovechkin.
15:29 of 2nd period - Stopped by Jaroslav Halak without a rebound.
15:30 of 2nd period - Patrice Bergeron wins face-off versus Sam Bennett in Oilers zone.
15:39 of 2nd period - Shot by John Tavares.
15:39 of 2nd period - Stopped by Jaroslav Halak with a rebound.
15:57 of 2nd period - Shot by Yanni Gourde.
15:57 of 2nd period - Stopped by Vitek Vanecek without a rebound.
15:58 of 2nd period - Connor McDavid wins face-off versus Sidney Crosby in Sharks zone.
16:23 of 2nd period - Shot by Alex Ovechkin.
16:23 of 2nd period - Shot Misses the Net.
16:49 of 2nd period - Minor Penalty to Morgan Rielly for Hooking.
16:50 of 2nd period - Ryan O'Reilly wins face-off versus David Kampf in Oilers zone.
16:57 of 2nd period - Shot by Patrice Bergeron.
16:57 of 2nd period - Stopped by Jaroslav Halak without a rebound.
16:58 of 2nd period - Ryan O'Reilly wins face-off versus David Kampf in Oilers zone.
16:59 of 2nd period - Shot by Patrice Bergeron.
16:59 of 2nd period - Stopped by Jaroslav Halak without a rebound.
17:00 of 2nd period - David Kampf wins face-off versus Artturi Lehkonen in Oilers zone.
17:25 of 2nd period - Shot by Ryan O'Reilly.
17:25 of 2nd period - Stopped by Jaroslav Halak with a rebound.
17:27 of 2nd period - Shot by Ryan O'Reilly.
17:27 of 2nd period - Deflect By John Tavares.
17:27 of 2nd period - Stopped by Jaroslav Halak without a rebound.
17:28 of 2nd period - Sidney Crosby wins face-off versus David Kampf in Oilers zone.
17:33 of 2nd period - Shot by Nikita Kucherov.
17:33 of 2nd period - Shot Blocked by Ian Cole.
17:53 of 2nd period - Shot by Sidney Crosby.
17:53 of 2nd period - Stopped by Jaroslav Halak with a rebound.
18:40 of 2nd period - Shot by Auston Matthews.
18:40 of 2nd period - Shot Blocked by Ivan Provorov.
18:59 of 2nd period - Shot by Sam Reinhart.
18:59 of 2nd period - Stopped by Vitek Vanecek without a rebound.
19:00 of 2nd period - Patrice Bergeron wins face-off versus Yanni Gourde in Sharks zone.
19:05 of 2nd period - Shot by John Tavares.
19:05 of 2nd period - Stopped by Jaroslav Halak with a rebound.
19:15 of 2nd period - Shot by Patrice Bergeron.
19:15 of 2nd period - Deflect By John Tavares.
19:15 of 2nd period - Shot Misses the Net.
19:17 of 2nd period - Shot by Alexander Edler.
19:17 of 2nd period - Shot Hit the Post.
19:19 of 2nd period - Shot by Patrice Bergeron.
19:19 of 2nd period - Shot Misses the Net.
19:21 of 2nd period - Shot by Patrice Bergeron.
19:21 of 2nd period - Shot Misses the Net.
19:23 of 2nd period - Shot by Niko Mikkola.
19:23 of 2nd period - Shot Blocked by Jonas Brodin.
19:25 of 2nd period - Shot by Alexander Edler.
19:25 of 2nd period - Shot Misses the Net.
19:27 of 2nd period - Shot by Zach Hyman.
19:27 of 2nd period - Stopped by Jaroslav Halak without a rebound.
19:28 of 2nd period - Auston Matthews wins face-off versus Phillip Danault in Oilers zone.
19:28 of 2nd period - Brad Marchand is hit by Phillip Danault and loses puck.
19:48 of 2nd period - Auston Matthews is hit by Mattias Ekholm.
Goals for this period are 2 for Sharks vs 0 for Oilers.
Shots for this period are 19 for Sharks vs 13 for Oilers.

3rd period


0:01 of 3rd period - Sam Reinhart wins face-off versus Ryan O'Reilly in neutral zone.
0:12 of 3rd period - Shot by J.T. Miller.
0:12 of 3rd period - Shot Misses the Net.
0:17 of 3rd period - Minor Penalty to Kevin Shattenkirk for Hooking.
0:18 of 3rd period - Phillip Danault wins face-off versus Andre Burakovsky in Sharks zone.
0:36 of 3rd period - Shot by Nick Schmaltz.
0:36 of 3rd period - Goal by Nick Schmaltz - Sharks : 2 - Oilers : 4.
0:37 of 3rd period - David Kampf wins face-off versus Patrice Bergeron in neutral zone.
1:08 of 3rd period - Icing by Ian Cole.
1:09 of 3rd period - David Kampf wins face-off versus Ryan O'Reilly in Oilers zone.
1:58 of 3rd period - Shot by Sam Reinhart.
1:58 of 3rd period - Stopped by Vitek Vanecek without a rebound.
1:59 of 3rd period - Sidney Crosby wins face-off versus Auston Matthews in Sharks zone.
2:06 of 3rd period - Shot by Nick Schmaltz.
2:06 of 3rd period - Shot Blocked by Kevin Shattenkirk.
2:08 of 3rd period - Shot by Auston Matthews.
2:08 of 3rd period - Stopped by Vitek Vanecek with a rebound.
2:10 of 3rd period - Shot by Brad Marchand.
2:10 of 3rd period - Shot Misses the Net.
3:12 of 3rd period - Shot by Connor McDavid.
3:12 of 3rd period - Stopped by Vitek Vanecek without a rebound.
3:13 of 3rd period - Phillip Danault wins face-off versus Sam Bennett in Sharks zone.
3:31 of 3rd period - Off-side.
3:32 of 3rd period - Connor McDavid wins face-off versus Patrice Bergeron in neutral zone.
3:44 of 3rd period - Icing by Sam Reinhart.
3:45 of 3rd period - Phillip Danault wins face-off versus Connor McDavid in Oilers zone.
4:22 of 3rd period - Shot by Artturi Lehkonen.
4:22 of 3rd period - Stopped by Jaroslav Halak with a rebound.
4:24 of 3rd period - Shot by Artturi Lehkonen.
4:24 of 3rd period - Shot Misses the Net.
5:04 of 3rd period - Shot by Auston Matthews.
5:04 of 3rd period - Stopped by Vitek Vanecek without a rebound.
5:05 of 3rd period - Sam Bennett wins face-off versus Sidney Crosby in Sharks zone.
5:13 of 3rd period - Icing by Ivan Provorov.
5:14 of 3rd period - Sidney Crosby wins face-off versus Sam Bennett in Sharks zone.
5:35 of 3rd period - Shot by Nikita Kucherov.
5:35 of 3rd period - Stopped by Jaroslav Halak with a rebound.
5:41 of 3rd period - Shot by Nikita Kucherov.
5:41 of 3rd period - Shot Misses the Net.
6:20 of 3rd period - Shot by Patrice Bergeron.
6:20 of 3rd period - Shot Misses the Net.
6:22 of 3rd period - Shot by Patrice Bergeron.
6:22 of 3rd period - Deflect By Zach Hyman.
6:22 of 3rd period - Shot Misses the Net.
6:24 of 3rd period - Shot by Zach Hyman.
6:24 of 3rd period - Deflect By John Tavares.
6:24 of 3rd period - Stopped by Jaroslav Halak without a rebound.
6:25 of 3rd period - Ryan O'Reilly wins face-off versus Auston Matthews in Oilers zone.
6:26 of 3rd period - Shot by Artturi Lehkonen.
6:26 of 3rd period - Deflect By Ryan O'Reilly.
6:26 of 3rd period - Shot Misses the Net.
6:44 of 3rd period - Shot by Auston Matthews.
6:44 of 3rd period - Stopped by Vitek Vanecek without a rebound.
6:45 of 3rd period - Patrice Bergeron wins face-off versus Connor McDavid in Sharks zone.
6:54 of 3rd period - Patrice Bergeron is hit by J.T. Miller and loses puck.
7:09 of 3rd period - Zach Hyman is hit by J.T. Miller and loses puck.
7:17 of 3rd period - Icing by Niko Mikkola.
7:18 of 3rd period - Patrice Bergeron wins face-off versus Auston Matthews in Sharks zone.
7:18 of 3rd period - Patrice Bergeron is hit by Brad Marchand.
7:30 of 3rd period - Icing by Nick Schmaltz.
7:31 of 3rd period - Auston Matthews wins face-off versus Ryan O'Reilly in Oilers zone.
7:47 of 3rd period - Icing by Mattias Ekholm.
7:48 of 3rd period - J.T. Miller wins face-off versus Ryan O'Reilly in Sharks zone.
7:57 of 3rd period - Shot by Sam Reinhart.
7:57 of 3rd period - Stopped by Vitek Vanecek without a rebound.
7:58 of 3rd period - Patrice Bergeron wins face-off versus Auston Matthews in Sharks zone.
7:58 of 3rd period - Patrice Bergeron is hit by Brad Marchand.
8:19 of 3rd period - Shot by Auston Matthews.
8:19 of 3rd period - Shot Misses the Net.
8:36 of 3rd period - Patrice Bergeron is hit by Rasmus Andersson and loses puck.
8:45 of 3rd period - Kevin Shattenkirk is hit by Brad Marchand.
9:03 of 3rd period - Shot by J.T. Miller.
9:03 of 3rd period - Shot Misses the Net.
9:05 of 3rd period - Shot by Ian Cole.
9:05 of 3rd period - Stopped by Vitek Vanecek without a rebound.
9:06 of 3rd period - Ryan O'Reilly wins face-off versus Sam Bennett in Sharks zone.
9:15 of 3rd period - Off-side.
9:16 of 3rd period - J.T. Miller wins face-off versus Jakub Vrana in neutral zone.
9:22 of 3rd period - Connor McDavid is hit by Niko Mikkola and loses puck.
9:28 of 3rd period - Shot by Connor McDavid.
9:28 of 3rd period - Deflect By Sam Reinhart.
9:28 of 3rd period - Shot Misses the Net.
9:30 of 3rd period - Shot by J.T. Miller.
9:30 of 3rd period - Shot Misses the Net.
9:45 of 3rd period - Connor McDavid is hit by Niko Mikkola and loses puck.
9:51 of 3rd period - Icing by Niko Mikkola.
9:52 of 3rd period - Phillip Danault wins face-off versus Auston Matthews in Sharks zone.
10:02 of 3rd period - Shot by Auston Matthews.
10:02 of 3rd period - Stopped by Vitek Vanecek without a rebound.
10:03 of 3rd period - Sidney Crosby wins face-off versus Sam Bennett in Sharks zone.
10:16 of 3rd period - Shot by Nikita Kucherov.
10:16 of 3rd period - Stopped by Jaroslav Halak without a rebound.
10:17 of 3rd period - Patrice Bergeron wins face-off versus Auston Matthews in Oilers zone.
10:18 of 3rd period - Shot by John Tavares.
10:18 of 3rd period - Shot Blocked by Matthew Benning.
10:58 of 3rd period - John Tavares is hit by Brad Marchand and loses puck.
11:04 of 3rd period - Kevin Shattenkirk is hit by Matthew Benning and loses puck.
12:02 of 3rd period - Niko Mikkola is hit by J.T. Miller and loses puck.
12:11 of 3rd period - Shot by Sidney Crosby.
12:11 of 3rd period - Stopped by Jaroslav Halak with a rebound.
13:16 of 3rd period - Shot by John Tavares.
13:16 of 3rd period - Shot Misses the Net.
13:24 of 3rd period - Shot by Patrice Bergeron.
13:24 of 3rd period - Stopped by Jaroslav Halak without a rebound.
13:25 of 3rd period - Radek Faksa wins face-off versus Jakub Vrana in Oilers zone.
13:33 of 3rd period - Radek Faksa is hit by Mattias Ekholm and loses puck.
13:37 of 3rd period - Icing by Phillip Danault.
13:38 of 3rd period - Phillip Danault wins face-off versus David Kampf in Sharks zone.
14:03 of 3rd period - David Kampf is hit by Phillip Danault and loses puck.
14:14 of 3rd period - Shot by Artturi Lehkonen.
14:14 of 3rd period - Stopped by Jaroslav Halak with a rebound.
14:38 of 3rd period - Shot by Auston Matthews.
14:38 of 3rd period - Shot Misses the Net.
14:40 of 3rd period - Shot by Jared Spurgeon.
14:40 of 3rd period - Shot Misses the Net.
14:42 of 3rd period - Shot by Ian Cole.
14:42 of 3rd period - Deflect By Auston Matthews.
14:42 of 3rd period - Stopped by Vitek Vanecek without a rebound.
14:43 of 3rd period - Sidney Crosby wins face-off versus Connor McDavid in Sharks zone.
15:15 of 3rd period - Off-side.
15:16 of 3rd period - Ryan O'Reilly wins face-off versus Auston Matthews in neutral zone.
15:24 of 3rd period - Shot by Artturi Lehkonen.
15:24 of 3rd period - Shot Misses the Net.
15:32 of 3rd period - Shot by Artturi Lehkonen.
15:32 of 3rd period - Goal by Artturi Lehkonen - Sharks : 3 - Oilers : 4.
15:33 of 3rd period - Yanni Gourde wins face-off versus Patrice Bergeron in neutral zone.
16:06 of 3rd period - Shot by Patrice Bergeron.
16:06 of 3rd period - Shot Misses the Net.
16:08 of 3rd period - Shot by Patrice Bergeron.
16:08 of 3rd period - Stopped by Jaroslav Halak with a rebound.
16:12 of 3rd period - Shot by John Tavares.
16:12 of 3rd period - Stopped by Jaroslav Halak with a rebound.
17:05 of 3rd period - Ivan Provorov is hit by Brad Marchand and loses puck.
17:09 of 3rd period - Minor Penalty to Brad Marchand for Roughing.
17:10 of 3rd period - Sidney Crosby wins face-off versus David Kampf in Oilers zone.
17:12 of 3rd period - Alex Ovechkin is hit by Matthew Benning and loses puck.
17:17 of 3rd period - Shot by Sidney Crosby.
17:17 of 3rd period - Shot Misses the Net.
17:19 of 3rd period - Shot by Ivan Provorov.
17:19 of 3rd period - Stopped by Jaroslav Halak with a rebound.
18:02 of 3rd period - Shot by Auston Matthews.
18:02 of 3rd period - Stopped by Vitek Vanecek without a rebound.
18:03 of 3rd period - David Kampf wins face-off versus John Tavares in Sharks zone.
18:03 of 3rd period - David Kampf is hit by Noah Hanifin.
18:33 of 3rd period - Shot by Noah Hanifin.
18:33 of 3rd period - Shot Hit the Post.
19:21 of 3rd period - Sharks, Vitek Vanecek is pulled from the net.
19:23 of 3rd period - Shot by Sidney Crosby.
19:23 of 3rd period - Stopped by Jaroslav Halak without a rebound.
19:24 of 3rd period - David Kampf wins face-off versus Sidney Crosby in Oilers zone.
19:35 of 3rd period - Shot by J.T. Miller.
19:35 of 3rd period - Goal by J.T. Miller - Sharks : 3 - Oilers : 5.
19:35 of 3rd period - Vitek Vanecek from Sharks was sent back in the game.
19:36 of 3rd period - Phillip Danault wins face-off versus Auston Matthews in neutral zone.
Goals for this period are 1 for Sharks vs 2 for Oilers.
Shots for this period are 12 for Sharks vs 12 for Oilers.